[Event "Titled Tuesday Blitz September 28 2021"]
[White "Pak, Yevgeniy"]
[Black "Nurmanova, Alua"]
[WhiteFideId "14201712"]
[BlackFideId "13729390"]
[WhiteElo "2449"]
[BlackElo "1869"]
[Result "0-1"]
[Round "03"]
[TimeControl "180+1"]
[Date "2021.09.28"]
[WhiteClock "0:00:15"]
[BlackClock "0:01:43"]

1. d4 Nf6 2. c4 g6 3. Nc3 Bg7 4. e4 d6 5. h3 O-O 6. Be3 c5 7. Nf3 cxd4 8. Nxd4 b6 9. Qd2 Bb7 10. f3 Nbd7 11. O-O-O Rc8 12. Kb1 a6 13. g4 Ne5 14. b3 Nxf3 15. Nxf3 Nxe4 16. Nxe4 Bxe4+ 17. Bd3 Bxf3 18. Rdf1 Bxh1 19. Rxh1 e6 20. h4 Qf6 21. Kc2 Qb2+ 22. Kd1 Qa1+ 23. Qc1 Qxa2 24. Qc2 Qa1+ 25. Bc1 b5 26. Ke2 Qd4 27. Be3 Qxg4+ 28. Kf2 Bd4 29. Qd2 Qf4+ 30. Ke2 Bxe3 31. Qxe3 Qxe3+ 32. Kxe3 bxc4 33. Bxc4 d5 34. Ra1 dxc4 0-1


[Site "https://www.chess.com"]

[Event "Titled Tuesday Blitz September 28 2021"]
[White "Parkhov, Yair"]
[Black "Drozdowski, Kacper"]
[WhiteFideId "2813408"]
[BlackFideId "1136720"]
[WhiteElo "2618"]
[BlackElo "2869"]
[Result "0-1"]
[Round "03"]
[TimeControl "180+1"]
[Date "2021.09.28"]
[WhiteClock "0:00:04"]
[BlackClock "0:01:14"]

1. d4 Nf6 2. c4 g6 3. Nc3 d5 4. cxd5 Nxd5 5. e4 Nxc3 6. bxc3 Bg7 7. Nf3 O-O 8. Be2 c5 9. O-O Qa5 10. Bd2 Nd7 11. Bd3 Rd8 12. h3 Qc7 13. Bg5 Nf6 14. Qe2 b6 15. d5 Bb7 16. c4 h6 17. Bh4 Nh5 18. Rae1 g5 19. Nxg5 hxg5 20. Qxh5 gxh4 21. e5 e6 22. Re4 exd5 23. Rg4 Kf8 24. Re1 dxc4 25. Rxg7 Kxg7 26. e6 Rxd3 27. Qg5+ Kf8 28. e7+ Ke8 29. Qg8+ Kd7 30. e8=Q+ Rxe8 31. Qxe8+ Kd6 32. Qe5+ Kc6 33. Qe4+ Kb5 34. Qe8+ Qc6 35. Qxf7 Qxg2# 0-1


[Site "https://www.chess.com"]

[Event "Titled Tuesday Blitz September 28 2021"]
[White "Perez Ponsa, Federico"]
[Black "Weetik, Vjacheslav"]
[WhiteFideId "117927"]
[BlackFideId "4153472"]
[WhiteElo "2855"]
[BlackElo "2613"]
[Result "1-0"]
[Round "03"]
[TimeControl "180+1"]
[Date "2021.09.28"]
[WhiteClock "0:01:30"]
[BlackClock "0:00:07"]

1. e4 c6 2. d4 d5 3. e5 Bf5 4. h4 Qb6 5. h5 h6 6. c4 e6 7. Nc3 Nd7 8. Nge2 dxc4 9. Ng3 Bd3 10. Bxd3 cxd3 11. Qxd3 Ne7 12. Be3 Nd5 13. Nxd5 cxd5 14. O-O Be7 15. f4 Bh4 16. Ne2 O-O-O 17. a4 Kb8 18. a5 Qa6 19. Qxa6 bxa6 20. f5 Rhf8 21. Bd2 Be7 22. Rac1 Rc8 23. Rxc8+ Kxc8 24. Nf4 Bg5 25. Bb4 Re8 26. fxe6 fxe6 27. Bd6 Kb7 28. Nd3 Be3+ 29. Kh2 Bxd4 30. Rf7 Rd8 31. Rxg7 Kc6 32. Re7 Kb5 33. Rxe6 Kc4 34. Nf4 Bxb2 35. Be7 Bxe5 36. Rxe5 Nxe5 37. Bxd8 d4 38. Kg1 d3 39. Kf2 Kc3 40. Bf6 Kd4 41. Bxe5+ Kxe5 42. Nxd3+ Kf5 43. Nc5 1-0


[Site "https://www.chess.com"]

[Event "Titled Tuesday Blitz September 28 2021"]
[White "Petriashvili, Nikoloz"]
[Black "Espinosa Veloz, Ermes"]
[WhiteFideId "13611216"]
[BlackFideId "3507424"]
[WhiteElo "2430"]
[BlackElo "2333"]
[Result "1-0"]
[Round "03"]
[TimeControl "180+1"]
[Date "2021.09.28"]
[WhiteClock "0:00:16"]
[BlackClock "0:01:35"]

1. e4 e6 2. d4 d5 3. Nd2 Be7 4. Ngf3 Nf6 5. Bd3 c5 6. exd5 Qxd5 7. dxc5 Nbd7 8. Nb3 Nxc5 9. Nxc5 Qxc5 10. O-O O-O 11. Be3 Qc7 12. Qe2 b6 13. Bg5 Bb7 14. Rad1 Ng4 15. Be4 Nxh2 16. Bxb7 Nxf3+ 17. Qxf3 Rab8 18. Bxe7 Qxe7 19. Be4 f5 20. Bd3 Kh8 21. Rfe1 e5 22. Bxf5 g6 23. Rd7 Qh4 24. Qh3 Qxh3 25. Bxh3 Rbd8 26. Rxd8 Rxd8 27. Re2 Rd1+ 28. Kh2 Kg7 29. Rxe5 Rd2 30. Re7+ Kf6 31. Rxa7 Rxc2 32. Rxh7 Rxb2 33. f4 Rxa2 34. Rc7 b5 35. Rc6+ Kg7 36. Rb6 Rb2 37. Be6 b4 38. Bd5 Rf2 39. Kg3 Rb2 40. Kg4 Kh6 41. Be4 Kg7 42. Rxg6+ Kf7 43. Rb6 b3 44. Rxb3 Re2 45. Bf3 Rf2 46. Rb7+ Kf6 47. Rb6+ Ke7 48. Kf5 Rb2 49. Rxb2 1-0


[Site "https://www.chess.com"]

[Event "Titled Tuesday Blitz September 28 2021"]
[White "Pichot, Alan"]
[Black "Saya, Ethan"]
[WhiteFideId "110973"]
[BlackFideId "26095181"]
[WhiteElo "2835"]
[BlackElo "2605"]
[Result "1-0"]
[Round "03"]
[TimeControl "180+1"]
[Date "2021.09.28"]
[WhiteClock "0:00:56"]
[BlackClock "0:00:03"]

1. e4 e6 2. d4 d5 3. Nc3 Nf6 4. e5 Nfd7 5. Nce2 c5 6. c3 Nc6 7. Nf3 a5 8. h4 b5 9. h5 b4 10. h6 g6 11. Nf4 Qb6 12. a4 bxa3 13. bxa3 cxd4 14. cxd4 Ba6 15. Bxa6 Qxa6 16. Qd3 Qxd3 17. Nxd3 Rb8 18. Bd2 Rb3 19. Ke2 Bxa3 20. Nc1 Rxf3 21. Kxf3 Nxd4+ 22. Kg3 Bxc1 23. Bxc1 Ne2+ 24. Kh3 Nxc1 25. Rhxc1 O-O 26. f4 Ra8 27. Rc7 Nf8 28. Ra4 g5 29. g3 gxf4 30. gxf4 Ng6 31. Kg4 Kf8 32. Kg5 Ne7 33. Rb7 Ng8 34. f5 exf5 35. e6 fxe6 36. Rxh7 Ke8 37. Rh8 Kf7 38. h7 Nf6 39. Rxa8 Nxh7+ 40. Kf4 Kf6 41. Ra6 Nf8 42. R4xa5 Ng6+ 43. Ke3 Ne5 44. Rxd5 Ng4+ 45. Kd4 Nh2 46. Rdd6 Nf3+ 47. Ke3 Ng5 48. Kf4 Nh3+ 49. Kg3 Ng5 50. Rd8 Ne4+ 51. Kf4 Ng5 52. Rf8+ Kg7 53. Kxg5 Kxf8 54. Rxe6 1-0


[Site "https://www.chess.com"]

[Event "Titled Tuesday Blitz September 28 2021"]
[White "Pourkashiyan, Atousa"]
[Black "Williams, Simon K"]
[WhiteFideId "12502014"]
[BlackFideId "404454"]
[WhiteElo "2285"]
[BlackElo "2468"]
[Result "1-0"]
[Round "03"]
[TimeControl "180+1"]
[Date "2021.09.28"]
[WhiteClock "0:00:25"]
[BlackClock "0:00:11"]

1. e4 c5 2. Nf3 d6 3. d4 cxd4 4. Nxd4 Nf6 5. Nc3 g6 6. Be2 Bg7 7. O-O Nc6 8. Be3 O-O 9. Qd2 Bd7 10. Rad1 Rc8 11. h3 Ne5 12. f4 Nc4 13. Bxc4 Rxc4 14. e5 Ne8 15. Nf3 Bc6 16. b3 Bxf3 17. Rxf3 Rc8 18. Ne4 Qc7 19. exd6 Nxd6 20. Nxd6 exd6 21. c4 Rfd8 22. Qd5 a6 23. f5 Qc6 24. fxg6 Qxd5 25. gxh7+ Kxh7 26. Rxd5 Be5 27. Rxf7+ Kg6 28. Rxb7 Re8 29. Kf2 Kf5 30. Bd4 Ke4 31. Bxe5 Rf8+ 32. Ke2 dxe5 33. Re7 Rce8 34. Rdxe5+ 1-0


[Site "https://www.chess.com"]

[Event "Titled Tuesday Blitz September 28 2021"]
[White "Pridorozhni, Aleksei"]
[Black "Jain, Naveen"]
[WhiteFideId "4127870"]
[BlackFideId "5003970"]
[WhiteElo "2565"]
[BlackElo "2036"]
[Result "1-0"]
[Round "03"]
[TimeControl "180+1"]
[Date "2021.09.28"]
[WhiteClock "0:00:45"]
[BlackClock "0:00:17"]

1. e4 Nf6 2. Nc3 d5 3. e5 Ne4 4. Nce2 Nc5 5. d4 Ne6 6. f4 g6 7. Nf3 c5 8. c3 Nc6 9. Be3 cxd4 10. Nfxd4 Nexd4 11. Nxd4 Bf5 12. Bb5 Rc8 13. Qa4 Bd7 14. O-O a6 15. Bxc6 Bxc6 16. Nxc6 Rxc6 17. f5 gxf5 18. Rxf5 e6 19. Rf3 Qd7 20. Raf1 Rg8 21. Qh4 Rc4 22. Bd4 Bc5 23. Qxh7 Bxd4+ 24. cxd4 Rf8 25. Rf4 Rc7 26. h4 Qa4 27. h5 Qxa2 28. h6 Qxb2 29. Qg7 Rc1 30. g3 Rxf1+ 31. Kxf1 Qb1+ 32. Kg2 Qc2+ 33. Kh3 Qd1 34. Kh4 Qg1 35. h7 Qh2+ 36. Kg4 Qe2+ 37. Kg5 Qh2 38. g4 Qh3 39. Qh6 Qa3 40. h8=Q 1-0


[Site "https://www.chess.com"]

[Event "Titled Tuesday Blitz September 28 2021"]
[White "Quintiliano Pinto, Renato R."]
[Black "Atanasov, Anthony"]
[WhiteFideId "2117568"]
[BlackFideId "2623897"]
[WhiteElo "2439"]
[BlackElo "1928"]
[Result "1-0"]
[Round "03"]
[TimeControl "180+1"]
[Date "2021.09.28"]
[WhiteClock "0:00:12"]
[BlackClock "0:00:02"]

1. d4 e5 2. dxe5 Nc6 3. Nf3 Qe7 4. Bf4 Qb4+ 5. Bd2 Qxb2 6. Nc3 Bb4 7. Rb1 Qxc3 8. Bxc3 Bxc3+ 9. Nd2 Nxe5 10. Rb3 Ba5 11. e3 Nf6 12. Bd3 O-O 13. O-O d6 14. Rb5 Bb6 15. Nc4 Bd7 16. Rb1 Bc6 17. h3 Rfd8 18. Qe2 Nd5 19. Nxe5 dxe5 20. Qh5 e4 21. Bc4 Rd6 22. Rbd1 Rad8 23. Qh4 Nf6 24. Rxd6 cxd6 25. Rd1 d5 26. Bb3 a5 27. a4 Bc7 28. c4 dxc4 29. Rxd8+ Bxd8 30. Bxc4 Bxa4 31. Qg3 Nd7 32. Qd6 Bf6 33. Qd5 Ne5 34. Qxb7 h6 35. Bb3 Bxb3 36. Qxb3 Nd3 37. Qa4 1-0


[Site "https://www.chess.com"]

[Event "Titled Tuesday Blitz September 28 2021"]
[White "Rodchenkov, Vitaly"]
[Black "Cunha, Lucas Aguiar"]
[WhiteFideId "4152964"]
[BlackFideId "2125404"]
[WhiteElo "2337"]
[BlackElo "2361"]
[Result "0-1"]
[Round "03"]
[TimeControl "180+1"]
[Date "2021.09.28"]
[WhiteClock "0:02:15"]
[BlackClock "0:02:48"]

1. e4 c5 2. Nf3 e6 3. d3 Nc6 4. Nbd2 Nf6 5. g3 d5 6. Bg2 g6 7. O-O Bg7 8. Re1 O-O 9. h4 a5 10. a4 b6 11. Qe2 Ba6 12. exd5 exd5 13. Qf1 Nb4 14. Ne5 Nxc2 15. Rb1 Nxe1 16. Qxe1 Re8 0-1


[Site "https://www.chess.com"]

[Event "Titled Tuesday Blitz September 28 2021"]
[White "Rodriguez, Santiago"]
[Black "Manafov, Vugar"]
[WhiteFideId "3000591"]
[BlackFideId "13410814"]
[WhiteElo "2256"]
[BlackElo "2274"]
[Result "0-1"]
[Round "03"]
[TimeControl "180+1"]
[Date "2021.09.28"]
[WhiteClock "0:00:32"]
[BlackClock "0:02:00"]

1. d4 Nf6 2. Bg5 e6 3. e4 d6 4. Bd3 Be7 5. Ne2 h6 6. Bxf6 Bxf6 7. O-O e5 8. c3 Nc6 9. Bb5 Bd7 10. d5 Ne7 11. Bxd7+ Qxd7 12. c4 g6 13. Nbc3 Bg7 14. b4 f5 15. f3 O-O 16. c5 g5 17. Qb3 Kh8 18. Rac1 h5 19. exf5 Nxf5 20. Ne4 Bh6 21. c6 bxc6 22. Rxc6 g4 23. f4 Rae8 24. Qc3 Rf7 25. Rc1 Bg7 26. Rxc7 Qxc7 27. Qxc7 Rxc7 28. Rxc7 exf4 29. N2c3 Bd4+ 30. Kf1 Ne3+ 31. Ke2 Bxc3 32. Rxc3 Rxe4 0-1


[Site "https://www.chess.com"]

[Event "Titled Tuesday Blitz September 28 2021"]
[White "Rosen, Eric"]
[Black "Khusnutdinov, Rustam"]
[WhiteFideId "2032562"]
[BlackFideId "13701703"]
[WhiteElo "2639"]
[BlackElo "2874"]
[Result "0-1"]
[Round "03"]
[TimeControl "180+1"]
[Date "2021.09.28"]
[WhiteClock "0:00:01"]
[BlackClock "0:01:13"]

1. d4 Nf6 2. Bf4 d5 3. e3 c5 4. Nf3 Nc6 5. Nbd2 e6 6. c3 Nh5 7. Be5 f6 8. Bg3 g6 9. Bd3 Qb6 10. Rb1 cxd4 11. exd4 Bg7 12. O-O Nxg3 13. hxg3 O-O 14. Re1 e5 15. c4 Nb4 16. Bf1 Bf5 17. dxe5 Bc2 18. Qe2 Bd3 19. Qd1 Bc2 20. Qe2 Bxb1 21. Nxb1 Rae8 22. e6 d4 23. a3 d3 24. Qd2 Nc2 25. Re4 f5 26. Rh4 Qxb2 27. Rxh7 Kxh7 28. Qf4 Bf6 0-1


[Site "https://www.chess.com"]

[Event "Titled Tuesday Blitz September 28 2021"]
[White "Rudzinska, Michalina"]
[Black "Borsuk, Konstantin"]
[WhiteFideId "1172883"]
[BlackFideId "14113406"]
[WhiteElo "1778"]
[BlackElo "2414"]
[Result "0-1"]
[Round "03"]
[TimeControl "180+1"]
[Date "2021.09.28"]
[WhiteClock "0:00:34"]
[BlackClock "0:01:26"]

1. e4 e6 2. d4 d5 3. Bd3 dxe4 4. Bxe4 Nf6 5. Bf3 c5 6. Ne2 Nc6 7. Be3 cxd4 8. Nxd4 Ne5 9. Be2 Bd7 10. Nc3 Bb4 11. Nb5 O-O 12. O-O a6 13. Nd4 Bxc3 14. bxc3 Nd5 15. c4 Nxe3 16. fxe3 Qc7 17. Rb1 Rad8 18. Qe1 Bc8 19. Qg3 Qa5 20. Nb3 Qc3 21. Rbd1 Nxc4 22. Rxd8 Rxd8 23. Bd3 Ne5 24. Be4 f5 25. Nd4 fxe4 26. Qxe5 Qxe3+ 27. Kh1 Qxd4 28. Qc7 Qd7 29. Qe5 b5 30. h4 Bb7 31. h5 h6 32. Qg3 Rf8 33. Rxf8+ Kxf8 34. Qb8+ Qc8 35. Qd6+ Kg8 36. Qe7 Bd5 37. a3 e3 38. Qh4 Qxc2 39. Qd8+ Kh7 0-1


[Site "https://www.chess.com"]

[Event "Titled Tuesday Blitz September 28 2021"]
[White "Rustemov, Alexander"]
[Black "pawel83"]
[WhiteFideId "4119002"]
[WhiteElo "2757"]
[BlackElo "2391"]
[Result "1/2-1/2"]
[Round "03"]
[TimeControl "180+1"]
[Date "2021.09.28"]
[WhiteClock "0:00:05"]
[BlackClock "0:00:07"]

1. d4 Nf6 2. c4 g6 3. Nf3 Bg7 4. g3 O-O 5. Bg2 d6 6. Nc3 Nc6 7. O-O e5 8. h3 Re8 9. dxe5 dxe5 10. Bg5 Qxd1 11. Rfxd1 h6 12. Be3 Be6 13. b3 e4 14. Nd4 Nxd4 15. Bxd4 h5 16. Rac1 c6 17. Bxf6 Bxf6 18. Nxe4 Bg7 19. Nd6 Re7 20. c5 f5 21. Nxb7 Rxb7 22. Bxc6 Rab8 23. Bxb7 Rxb7 24. Rd6 Kf7 25. h4 Be5 26. Ra6 f4 27. gxf4 Bxf4 28. e3 Bb8 29. c6 Re7 30. c7 Bxc7 31. Rxa7 Bh2+ 32. Kxh2 Rxa7 33. Rc2 Rb7 34. Kg3 Rb4 35. f3 Kf6 36. e4 Rd4 37. Rb2 Rd1 38. b4 Bc8 39. a4 Ke5 40. Rc2 Bd7 41. Rc5+ Kd6 42. a5 Rb1 43. Rg5 Be8 44. Rd5+ Ke6 45. Rd4 Ke5 46. Rc4 Bf7 47. Rc7 Ke6 48. Rb7 Be8 49. Kf4 Bc6 50. Rb6 Kd6 51. a6 Kc7 52. Rxc6+ Kxc6 53. Kg5 Rxb4 54. Kxg6 Rb5 55. f4 Kd6 56. f5 Ke7 57. a7 Ra5 58. e5 Kf8 59. e6 Rxa7 60. Kxh5 Kg7 61. Kg5 Ra5 62. h5 Re5 63. h6+ Kh7 64. Kf6 Re3 65. Ke7 Kxh6 66. f6 Rf3 67. Kf7 Kg5 68. e7 Rxf6+ 69. Kg8 Re6 70. Kf7 Rxe7+ 71. Kxe7 1/2-1/2


[Site "https://www.chess.com"]

[Event "Titled Tuesday Blitz September 28 2021"]
[White "Sadhwani, Raunak"]
[Black "Galego, Luis"]
[WhiteFideId "35093487"]
[BlackFideId "1900072"]
[WhiteElo "2517"]
[BlackElo "2524"]
[Result "1-0"]
[Round "03"]
[TimeControl "180+1"]
[Date "2021.09.28"]
[WhiteClock "0:00:38"]
[BlackClock "0:00:15"]

1. d4 Nf6 2. Nf3 e6 3. Bf4 d5 4. e3 Bd6 5. Nbd2 c5 6. c3 cxd4 7. Bxd6 Qxd6 8. exd4 Nc6 9. Bd3 O-O 10. O-O e5 11. dxe5 Nxe5 12. Nxe5 Qxe5 13. Nf3 Qc7 14. h3 Re8 15. Qc2 Qf4 16. Nd4 Ne4 17. Rae1 Bxh3 18. gxh3 Re5 19. Re3 Rg5+ 20. Kh1 Re8 21. Bxe4 dxe4 22. Rg1 Ree5 23. Rxg5 Qxg5 24. Rxe4 Rxe4 25. Qxe4 Qc1+ 26. Kg2 g6 27. b3 Qxc3 28. Nf3 Qc8 29. Qd4 b6 30. Qe4 h5 31. Qd5 Qc2 32. Ng5 Qc7 33. Ne4 Qf4 34. Qd8+ Kg7 35. Qd4+ Kf8 36. Qh8+ Ke7 37. Qa8 Ke6 38. Ng3 Qc7 39. a4 a5 40. Qe4+ Qe5 41. Qc6+ Qd6 42. Qe8+ Kf6 43. Ne4+ 1-0


[Site "https://www.chess.com"]

[Event "Titled Tuesday Blitz September 28 2021"]
[White "Samadov, Read"]
[Black "Grunberg, Mihai-Lucian"]
[WhiteFideId "13417444"]
[BlackFideId "1204149"]
[WhiteElo "2084"]
[BlackElo "2364"]
[Result "1-0"]
[Round "03"]
[TimeControl "180+1"]
[Date "2021.09.28"]
[WhiteClock "0:00:12"]
[BlackClock "0:00:38"]

1. d4 Nf6 2. c4 g6 3. Nc3 Bg7 4. e4 O-O 5. f4 d6 6. Nf3 c6 7. Be2 a6 8. a4 a5 9. O-O Na6 10. h3 Nb4 11. Be3 Qc7 12. Qd2 Nd7 13. f5 c5 14. fxg6 hxg6 15. Nd5 Nxd5 16. exd5 cxd4 17. Nxd4 Ne5 18. Rac1 Bd7 19. b3 e6 20. dxe6 fxe6 21. Nb5 Bxb5 22. cxb5 Rxf1+ 23. Bxf1 Qe7 24. Rd1 d5 25. Bd4 Qb4 26. Qe3 Qd6 27. Kh1 Rc8 28. Re1 Nd7 29. Bxg7 Kxg7 30. Qxe6 Qxe6 31. Rxe6 Nc5 32. Rd6 Ne4 33. Rd7+ Kf6 34. Kh2 Ke6 35. Rxb7 d4 36. Bc4+ Rxc4 37. bxc4 d3 38. Rb8 d2 39. Rd8 Nd6 40. c5 1-0


[Site "https://www.chess.com"]

[Event "Titled Tuesday Blitz September 28 2021"]
[White "Saravana, Krishnan P."]
[Black "Nesterov, Arseniy"]
[WhiteFideId "5018382"]
[BlackFideId "24198455"]
[WhiteElo "2245"]
[BlackElo "2494"]
[Result "0-1"]
[Round "03"]
[TimeControl "180+1"]
[Date "2021.09.28"]
[WhiteClock "0:00:15"]
[BlackClock "0:01:20"]

1. e4 e5 2. Nf3 Nc6 3. Bb5 a6 4. Ba4 b5 5. Bb3 Na5 6. Nxe5 Nxb3 7. axb3 Qg5 8. d4 Qxg2 9. Qf3 Qxf3 10. Nxf3 Bb7 11. Nc3 f5 12. Nd5 O-O-O 13. Ng5 fxe4 14. Nc3 Nh6 15. Be3 Be7 16. O-O-O b4 17. Ne2 Rdf8 18. Rhg1 Nf5 19. d5 Nxe3 20. fxe3 Rf2 21. Nf4 Bc5 22. Rg3 Re8 23. h4 h6 24. Ngh3 Rf3 25. Rxg7 Bxe3+ 26. Kb1 Bxf4 27. d6 Rxh3 0-1


[Site "https://www.chess.com"]

[Event "Titled Tuesday Blitz September 28 2021"]
[White "Savchenko, Boris"]
[Black "Riehle, Marco"]
[WhiteFideId "4147332"]
[BlackFideId "12904392"]
[WhiteElo "2812"]
[BlackElo "2567"]
[Result "1-0"]
[Round "03"]
[TimeControl "180+1"]
[Date "2021.09.28"]
[WhiteClock "0:00:10"]
[BlackClock "0:00:13"]

1. e4 e5 2. Nf3 Nf6 3. Nc3 Nc6 4. Bb5 Bc5 5. d3 d6 6. Be3 Bb6 7. Bxc6+ bxc6 8. h3 O-O 9. Qe2 Re8 10. O-O-O d5 11. Bg5 Ba5 12. Na4 Ba6 13. Nc5 Bb5 14. Nb7 Qc8 15. Nxa5 dxe4 16. Ne1 Qa6 17. Bxf6 gxf6 18. Nb3 exd3 19. Nxd3 Qxa2 20. Qg4+ Kh8 21. Nb4 Qa4 22. Kb1 Rab8 23. Nc5 Qa5 24. Nd7 Be2 25. Qxe2 Rxb4 26. c3 Rb5 27. Qc2 Re6 28. Rhe1 Rd5 29. Rd2 Red6 30. Nf8 Kg7 31. Rxd5 Qxd5 32. Nxh7 Qd3 33. Qxd3 Rxd3 34. Kc2 Rd6 35. Nxf6 Kxf6 36. Ra1 Kg5 37. Rxa7 Rf6 38. f3 Kf4 39. Rxc7 Kg3 40. Kd3 Rf4 41. Rxc6 Kxg2 42. b4 Kxf3 43. Rc7 e4+ 44. Kd2 Kf2 45. Re7 f5 46. b5 Rf3 47. b6 Rd3+ 48. Kc2 Rd6 49. b7 Rb6 50. c4 e3 51. c5 Rb5 52. c6 e2 53. c7 Rxb7 54. Rxe2+ Kxe2 55. c8=Q Rg7 56. Qe6+ Kf1 57. Qxf5+ Kg1 58. Qg4+ Kh2 59. Qxg7 1-0


[Site "https://www.chess.com"]

[Event "Titled Tuesday Blitz September 28 2021"]
[White "Seo, Jung Min"]
[Black "Dzhaparov, Medet"]
[WhiteFideId "1734687"]
[BlackFideId "13803689"]
[WhiteElo "2486"]
[BlackElo "1702"]
[Result "1-0"]
[Round "03"]
[TimeControl "180+1"]
[Date "2021.09.28"]
[WhiteClock "0:00:24"]
[BlackClock "0:00:05"]

1. e4 e5 2. Nf3 Nc6 3. Bb5 a6 4. Ba4 Nf6 5. O-O Be7 6. Re1 b5 7. Bb3 O-O 8. a4 b4 9. d4 d6 10. dxe5 Nxe5 11. Nxe5 dxe5 12. Qe2 Bc5 13. Nd2 Bg4 14. Nf3 Nd7 15. h3 Bh5 16. Qd3 c6 17. Bg5 Qc7 18. Nh4 Bd4 19. c3 bxc3 20. bxc3 Nc5 21. Qc4 Nxb3 22. Qxb3 Bc5 23. Qc4 Qa7 24. Be3 Bxe3 25. Rxe3 Rad8 26. Qxc6 Rd2 27. Nf5 Bg6 28. a5 Rfd8 29. Qb6 Qd7 30. Rf3 Re2 31. Re3 Rxe3 32. Nxe3 Bxe4 33. Rd1 Bd3 34. Nc4 e4 35. Ne5 Qd5 36. Nc6 Re8 37. Ne7+ Rxe7 38. Qb8+ 1-0


[Site "https://www.chess.com"]

[Event "Titled Tuesday Blitz September 28 2021"]
[White "Shahinyan, David"]
[Black "Krivonosov, Oleg"]
[WhiteFideId "13304380"]
[BlackFideId "11600349"]
[WhiteElo "2372"]
[BlackElo "2469"]
[Result "0-1"]
[Round "03"]
[TimeControl "180+1"]
[Date "2021.09.28"]
[WhiteClock "0:01:41"]
[BlackClock "0:00:54"]

1. e4 e5 2. Nf3 Nc6 3. Bb5 Nf6 4. d3 Bc5 5. c3 O-O 6. O-O d5 7. Bxc6 bxc6 8. Nxe5 dxe4 9. d4 Bd6 10. Nxc6 Qe8 11. Ne5 Bxe5 12. dxe5 Qxe5 13. h3 Ba6 14. Re1 Rfd8 15. Qa4 Bd3 16. Be3 Nd5 17. Nd2 Nb6 18. Qb3 c5 19. a4 Rab8 20. Qa3 Rbc8 21. Rad1 f5 22. f3 f4 23. Bxc5 Qxc5+ 24. Qxc5 Rxc5 25. Nxe4 Rcc8 26. Ng5 Bf5 27. a5 Nc4 28. Rxd8+ Rxd8 29. b4 h6 30. Ne4 Ne3 31. Re2 Rd1+ 32. Kh2 Nf1+ 33. Kg1 Ng3+ 34. Kf2 Rf1# 0-1


[Site "https://www.chess.com"]

[Event "Titled Tuesday Blitz September 28 2021"]
[White "Shimelkov, Vasiliy"]
[Black "Jary, Sergey"]
[WhiteFideId "13701630"]
[BlackFideId "14110350"]
[WhiteElo "2073"]
[BlackElo "2260"]
[Result "1-0"]
[Round "03"]
[TimeControl "180+1"]
[Date "2021.09.28"]
[WhiteClock "0:00:56"]
[BlackClock "0:00:02"]

1. d4 Nf6 2. Nf3 d6 3. c4 g6 4. Nc3 Bg7 5. e4 O-O 6. Be2 e5 7. dxe5 dxe5 8. Qxd8 Rxd8 9. Bg5 Re8 10. O-O c6 11. Rfd1 h6 12. Be3 Bg4 13. h3 Bxf3 14. Bxf3 Na6 15. Be2 Nc7 16. c5 Rad8 17. Bc4 Kf8 18. f3 Ke7 19. Kf2 Nh5 20. g3 f5 21. g4 Nf4 22. Bxf4 exf4 23. exf5 gxf5 24. gxf5 Bd4+ 25. Kg2 Bxc3 26. bxc3 Kf6 27. Rd6+ Rxd6 28. cxd6 Nb5 29. Bxb5 cxb5 30. Rd1 a6 31. Rd5 Rg8+ 32. Kf2 Rc8 33. Ke2 Kf7 34. Kd3 Re8 35. Kd4 Re1 36. Kc5 Ke8 37. d7+ Kd8 38. f6 Re6 39. Rf5 Rc6+ 40. Kb4 1-0


[Site "https://www.chess.com"]

[Event "Titled Tuesday Blitz September 28 2021"]
[White "Shkapenko, Pavel"]
[Black "Zubov, Alexander"]
[WhiteFideId "4151933"]
[BlackFideId "14109409"]
[WhiteElo "2722"]
[BlackElo "2971"]
[Result "0-1"]
[Round "03"]
[TimeControl "180+1"]
[Date "2021.09.28"]
[WhiteClock "0:00:17"]
[BlackClock "0:00:05"]

1. e4 e5 2. Nf3 Nc6 3. Bc4 Bc5 4. c3 Nf6 5. d4 exd4 6. b4 Bb6 7. e5 d5 8. exf6 dxc4 9. Qe2+ Be6 10. b5 Na5 11. fxg7 Rg8 12. Nxd4 Bxd4 13. cxd4 Rxg7 14. O-O Qd5 15. g3 O-O-O 16. Nc3 Qxd4 17. Rd1 Qf6 18. Rxd8+ Qxd8 19. Bb2 Rg4 20. Rd1 Rd4 21. Rxd4 Qxd4 22. Ne4 Qd3 23. Qe1 b6 24. Ng5 Bd5 25. Bc3 h6 26. Qe8+ Kb7 27. Nxf7 Qb1+ 28. Be1 Bxf7 29. Qxf7 Qxe1+ 30. Kg2 Qe4+ 31. f3 Qd4 32. Qg6 c3 33. h4 a6 34. bxa6+ Kxa6 35. Kh3 Qd2 36. Qe4 c2 37. Qa8+ Kb5 38. Qe8+ Kb4 39. Qe7+ c5 40. Qe4+ Ka3 0-1


[Site "https://www.chess.com"]

[Event "Titled Tuesday Blitz September 28 2021"]
[White "Shtembuliak, Evgeny"]
[Black "Moskvin, Anatoly"]
[WhiteFideId "14113325"]
[BlackFideId "24199990"]
[WhiteElo "2504"]
[BlackElo "2098"]
[Result "1-0"]
[Round "03"]
[TimeControl "180+1"]
[Date "2021.09.28"]
[WhiteClock "0:00:22"]
[BlackClock "0:00:05"]

1. e4 e5 2. Nf3 d5 3. exd5 e4 4. Qe2 Nf6 5. d3 Qxd5 6. Nbd2 Be7 7. dxe4 Qh5 8. Qb5+ Qxb5 9. Bxb5+ c6 10. Bc4 O-O 11. c3 b5 12. Bb3 Na6 13. Nd4 Bd7 14. e5 Nd5 15. N2f3 Nac7 16. O-O c5 17. Ne2 Bg4 18. Nf4 Bxf3 19. gxf3 c4 20. Bc2 Bc5 21. a4 a6 22. axb5 axb5 23. Rxa8 Rxa8 24. Be4 Nxf4 25. Bxa8 Ne2+ 26. Kg2 Nxa8 27. Be3 Bxe3 28. fxe3 Nb6 29. Kf2 Nxc3 30. bxc3 Kf8 31. Rb1 Nd5 32. Rxb5 Nxc3 33. Rc5 Nd1+ 34. Ke2 Nb2 35. f4 Ke7 36. Kd2 Ke6 37. Kc2 Nd3 38. Rxc4 Ne1+ 39. Kd2 Nf3+ 40. Kd3 Nxh2 41. Ke4 Nf1 42. Rc6+ Kd7 43. Ra6 Ng3+ 44. Kd5 Nf5 45. Ra7+ Ke8 46. e4 Ne7+ 47. Kc5 h5 48. f5 h4 49. Ra8+ Kd7 50. Rh8 g5 51. Rh7 Ke8 52. e6 fxe6 53. f6 Ng6 54. Kd6 Nf4 55. e5 h3 56. Rg7 g4 57. Rxg4 Kf7 58. Rh4 h2 59. Rxh2 Ng6 60. Rh7+ Kg8 61. Rg7+ Kh8 62. Rxg6 Kh7 63. Rg7+ Kh8 64. Rg1 1-0


[Site "https://www.chess.com"]

[Event "Titled Tuesday Blitz September 28 2021"]
[White "Siva Mahadevan"]
[Black "Jeet, Jain"]
[WhiteFideId "25043153"]
[BlackFideId "5073022"]
[WhiteElo "2815"]
[BlackElo "2597"]
[Result "1-0"]
[Round "03"]
[TimeControl "180+1"]
[Date "2021.09.28"]
[WhiteClock "0:01:43"]
[BlackClock "0:01:06"]

1. e4 e5 2. Nf3 Nc6 3. Bb5 a6 4. Ba4 Nf6 5. O-O Be7 6. Re1 b5 7. Bb3 d6 8. c3 O-O 9. h3 Na5 10. Bc2 c5 11. d4 Qc7 12. Nbd2 Bd7 13. d5 c4 14. Nf1 Nb7 15. Ng3 Rfc8 16. Nh4 g6 17. f4 Nxd5 18. Nxg6 hxg6 19. exd5 Bf6 20. f5 Kg7 21. fxg6 fxg6 22. Nh5+ gxh5 23. Qxh5 Be8 24. Qh7+ Kf8 25. Bh6+ Bg7 26. Rf1+ Bf7 27. Qxg7+ Ke8 28. Rxf7 Qxf7 29. Bg6 Nd8 30. Rf1 Ra7 31. Bxf7+ Rxf7 32. Rxf7 Nxf7 33. Qf8+ 1-0


[Site "https://www.chess.com"]

[Event "Titled Tuesday Blitz September 28 2021"]
[White "Sjugirov, Sanan"]
[Black "Begmuratov, Khumoyun"]
[WhiteFideId "4189302"]
[BlackFideId "14210207"]
[WhiteElo "2987"]
[BlackElo "2727"]
[Result "1-0"]
[Round "03"]
[TimeControl "180+1"]
[Date "2021.09.28"]
[WhiteClock "0:00:38"]
[BlackClock "0:00:01"]

1. d4 Nf6 2. c4 g6 3. Nc3 Bg7 4. e4 d6 5. Nf3 O-O 6. h3 b6 7. Bd3 Bb7 8. O-O Nbd7 9. Bc2 e5 10. d5 a5 11. a3 Ba6 12. b3 h6 13. Rb1 Nh5 14. Be3 Qe7 15. Nd2 Nf4 16. b4 axb4 17. axb4 Nf6 18. Ra1 Nh7 19. Ba4 Bb7 20. c5 bxc5 21. bxc5 Ba6 22. Bb5 Bxb5 23. Nxb5 Rxa1 24. Qxa1 Qh4 25. Qd1 Ng5 26. Bxf4 Qxf4 27. cxd6 cxd6 28. Nxd6 f5 29. Qe2 Rd8 30. Nb7 Rb8 31. Nc5 fxe4 32. Ndxe4 Bf8 33. Nxg5 Qxg5 34. Ne4 Qd8 35. Rd1 Bd6 36. Qg4 Kg7 37. h4 h5 38. Qg5 Qxg5 39. hxg5 Kf7 40. Nxd6+ 1-0


[Site "https://www.chess.com"]